 Dungeon Crawl Stone Soup version 0.28-a0-10-g964c8b829e (webtiles) character file.

Game seed: 14053720796584094859

39 slep the Chiller (level 3, 0/26 HPs)
             Began as a Demonspawn Wanderer on July 26, 2021.
             Slain by a sky beast (5 damage)
             ... on level 4 of the Dungeon.
             The game lasted 00:05:05 (625 turns).

slep the Chiller (Demonspawn Wanderer)               Turns: 625, Time: 00:05:05

Health: 0/26       AC:  5    Str: 15    XL:     3   Next: 28%
Magic:  2/3        EV:  8    Int: 19    God:
Gold:   22         SH: 14    Dex: 13    Spells: 2/3 levels left

rFire   . . .      SeeInvis .   j - +3 dagger of Attainder {vamp, rC+ rN+ Str+2 Int+7}
rCold   + . .      Faith    .   b - +0 kite shield
rNeg    + . .      Spirit   .   d - +0 robe
rPois   .          Reflect  .   (no helmet)
rElec   .          Harm     .   (no cloak)
rCorr   .          Rampage  .   e - +2 pair of gloves
Will    .....                   (no boots)
Stlth   ++........              (no amulet)
HPRegen 0.08/turn               (no ring)
MPRegen 0.08/turn               (no ring)

@: no status effects
A: large bone plates 2
a: no special abilities


You were on level 4 of the Dungeon.
You visited 1 branch of the dungeon, and saw 4 of its levels.

You collected 22 gold pieces.

Inventory:

Hand Weapons
 a - a +0 hand crossbow
 j - the +3 dagger of Attainder (weapon) {vamp, rC+ rN+ Str+2 Int+7}
   (You found it on level 4 of the Dungeon)

   It occasionally heals its wielder for a portion of the damage dealt when it
   wounds a living foe.
   Str:       It affects your strength (+2).
   Int:       It affects your intelligence (+7).
   rC:        It protects you from cold.
   rN:        It protects you from negative energy.
Missiles
 c - 25 bolts
 h - 8 boomerangs
Armour
 b - a +0 kite shield (worn)
 d - a +0 robe (worn)
 e - a +2 pair of gloves (worn)
Scrolls
 g - a scroll of magic mapping {unknown}
 i - a scroll of identify {unknown}
Potions
 f - a potion of magic {unknown}


   Skills:
 + Level 1.6 Fighting
 - Level 1.0 Crossbows
 - Level 1.7 Armour
 + Level 0.1 Dodging
 + Level 1.6 Stealth
 - Level 1.7 Shields
 + Level 0.5 Spellcasting
 - Level 2.2 Conjurations
 + Level 0.1 Fire Magic
 - Level 2.6 Ice Magic


You had 2 spell levels left.
You knew the following spells:

 Your Spells              Type           Power      Damage    Failure   Level
a - Foxfire               Conj/Fire      20%        2x1d5     56%         1

Your spell library contained the following spells:

 Spells                   Type           Power      Damage    Failure   Level
 Mephitic Cloud           Conj/Pois/Air  3%         N/A       94%         3


Dungeon Overview and Level Annotations

Branches:
Dungeon (4/15)
 Temple: D:4-7

Altars:


Innate Abilities, Weirdness & Mutations

You are mostly covered in large bone plates. (SH +6)


Message History

Really walk into that dispersal trap?
You enter a dispersal trap!
The sky beast blinks! x4; The kobold blinks! x3
The sky beast blinks!
You blink.
Unknown command.
Drop what? 10/52 slots (_ for help) (? for menu, Esc to quit)
Okay, then.
Unknown command.
Unknown command.
Fire: 26 bolts
Press: ? - help, Q - select action, (/) - cycle Shift-Dir - straight line, f - kobold
Aim: a kobold, wielding a +0 dagger (translocational energy, 53% to hit)
You shoot a bolt. The bolt hits the kobold.
The kobold is moderately wounded.
Unknown command.
Really attack while wielding your +0 hand crossbow?
Okay, then.
Unknown command.
Okay, then.
Unknown command.
Unknown command.
You feel stronger.
You feel clever.
You feel a sense of dread.
j - the +3 dagger of Attainder (weapon)
{vamp, rC+ rN+ Str+2 Int+7} You hit the kobold.
You feel better.
The kobold is severely wounded.
You block the kobold's attack. The kobold hits you but does no damage.
You closely miss the kobold.
The kobold is severely wounded.
The kobold hits you but does no damage.
You closely miss the kobold.
The kobold is severely wounded.
You block the kobold's attack.
The sky beast flickers out of sight!
Deactivating autopickup; reactivate with Ctrl-A.
You block the kobold's attack.
You hit the kobold.
You feel better.
The kobold is severely wounded.
The kobold hits you but does no damage. Something hits you.
* * * LOW HITPOINT WARNING * * *
Something shocks you.
You die...

♣♣.♣## ♣P.♣.##
##♣♣.♣♣..## #.#
#.♣.P.♣...# #.#
#.♣.P♣♣...# #.#
#.♣P.♣♣...# #.#
#.♣♣.♣....# #.#
#.^.......## #.#
##@........####.##
#..K...(..>......#
#.....(...#####..#
#.........# #..##
#.........# #...#
#.........# #.#..
##.......## #..##
##........ ##.
#........ #.#.


You could see a kobold.

Vanquished Creatures
  A hound skeleton (D:4)
  An adder (D:4)
  A dart slug (D:4)
  3 ball pythons (D:4)
  2 endoplasms
  3 giant cockroaches
  A hobgoblin (D:2)
  A quokka (D:4)
  A bat (D:2)
14 creatures vanquished.

Vanquished Creatures (others)
  4 foxfires (D:4)
4 creatures vanquished.

Grand Total: 18 creatures vanquished

Notes
Turn   | Place    | Note
-------+----------+-------------------------------------------
     0 | D:1      | slep the Demonspawn Wanderer began the quest for the Orb.
     0 | D:1      | slep set off with the following items: a +0 hand crossbow,
                  | a +0 kite shield, 31 bolts, a +0 robe; and the following
                  | spell memorised: Foxfire; and the following spells
                  | available to memorise: Mephitic Cloud
     0 | D:1      | Reached XP level 1. HP: 13/13 MP: 1/1
   189 | D:4      | Noticed a sky beast
   217 | D:4      | Reached skill level 1 in Stealth
   240 | D:4      | Gained mutation: You are partially covered in large bone
                  | plates. (SH +4) [demonic ancestry]
   240 | D:4      | Reached XP level 2. HP: 20/20 MP: 2/2
   353 | D:4      | Noticed an ogre
   390 | D:4      | Reached skill level 1 in Fighting
   390 | D:4      | Gained mutation: You are mostly covered in large bone
                  | plates. (SH +6) [demonic ancestry]
   390 | D:4      | Reached XP level 3. HP: 23/26 MP: 3/3
   434 | D:4      | Identified the +3 dagger of Attainder {vamp, rC+ rN+ Str+2
                  | Int+7}
   625 | D:4      | Slain by a sky beast

Illustrated notes

Levels and vault maps discovered:
D:1:      mrwooster_arrival_statue, layout_rooms, basic_ecumenical_altar,
          roderic_serpentine_path
D:2:      layout_rooms
D:3:      layout_loops_ring, general_overflow_altar, uniq_ijyb
D:4:      layout_rooms, nicolae_ru_sacrificial_ziggurat, temple_statues,
          serial_forest, infiniplex_forest_clump_double,
          infiniplex_forest_lined_4_way, infiniplex_forest_end_3,
          infiniplex_forest_zigzag_1

Skill      XL: |  1  2 |
---------------+-------+-----
Stealth        | 1 |  1.6
Fighting       | 1 |  1.6
Crossbows      | |  1.0
Armour         | |  1.7
Dodging        | |  0.1
Shields        | |  1.7
Spellcasting   | |  0.5
Conjurations   | |  2.2
Fire Magic     | |  0.1
Ice Magic      | |  2.6

Action                   || total
-------------------------++-------
Melee: Dagger            ||    17
 Fire: Hand crossbow     ||    29
 Cast: Foxfire           ||     4
Armor: Robe              ||     7
Dodge: Dodged            ||     7
Block: Kite shield       ||    23

Table legend: (Time is in decaauts)
 A = Elapsed time spent in this place.
 B = Non-inter-level travel time spent in this place.
 C = Inter-level travel time spent in this place.
 D = Time resting spent in this place.
 E = Time spent auto-exploring this place.
 F = Levels seen in this place.
 G = Mean time per level.
                   A        B        C        D        E       F      G
               +--------+--------+--------+--------+--------+-----+--------+
         Total |    646 |    646 |      0 |    125 |    258 |   4 |  161.5 |
       Dungeon |    646 |    646 |      0 |    125 |    258 |   4 |  161.5 |
               +--------+--------+--------+--------+--------+-----+--------+

Top non-repeatable levels by time:
     D:4: 430 daAuts
     D:2: 165 daAuts
     D:3: 40 daAuts
     D:1: 10 daAuts
